 Dungeon Crawl Stone Soup version 0.21-a0-176-gb3d4b37 (webtiles) character file.

37 Moloch the Skirmisher (level 3, -5/30 HPs)
             Began as a Mummy Fighter on Aug 8, 2017.
             Was an Initiate of Gozag.
             Slain by Natasha (6 damage)
             ... on level 2 of the Dungeon.
             The game lasted 00:04:39 (1502 turns).

Moloch the Skirmisher (Mummy Fighter)               Turns: 1502, Time: 00:04:39

Health: -5/30      AC:  6    Str: 19    XL:     3   Next: 21%
Magic:  3/3        EV:  7    Int:  7    God:    Gozag
Gold:   96         SH:  8    Dex: 12    Spells: 2/2 levels left

rFire    x . .     SeeInvis .   a - +0 long sword
rCold    + . .     Gourm    .   c - +0 shield
rNeg     + + +     Faith    .   b - +0 scale mail
rPois    ∞         Spirit   .   (no helmet)
rElec    .         Reflect  .   (no cloak)
rCorr    .         Harm     .   (no gloves)
MR       .....                  (no boots)
Stlth    ..........             (no amulet)
HPRegen  0.10/turn              (no ring)
MPRegen  0.08/turn              (no ring)

@: no status effects
A: no food or potions, fire vulnerability, cold resistance 1, negative energy
resistance 3, torment resistance, unbreathing
a: Potion Petition, Call Merchant, Bribe Branch, Renounce Religion


You were on level 2 of the Dungeon.
You worshipped Gozag.
Gozag was noncommittal.
You were not hungry.

You visited 1 branch of the dungeon, and saw 2 of its levels.

You collected 130 gold pieces.
You paid 34 gold pieces to Gozag.

Inventory:

Hand Weapons
 a - a +0 long sword (weapon)
Armour
 b - a +0 scale mail (worn)
 c - a +0 shield (worn)
Scrolls
 d - a scroll of immolation {unknown}
 e - 5 scrolls of identify {unknown}
 f - 5 scrolls of magic mapping {unknown}
 g - a scroll of enchant armour {unknown}
 h - a scroll of remove curse {unknown}


   Skills:
 * Level 4.0 Fighting
 + Level 2.0 Long Blades
 - Level 2.4 Armour
 - Level 2.4 Shields


You had 2 spell levels left.
You didn't know any spells.

Dungeon Overview and Level Annotations

Branches:
Dungeon (2/15)

Altars:
Ashenzari
Elyvilon
Gozag
Kikubaaqudgha
Okawaru
Trog
Xom

Annotations:
D:2 Natasha


Innate Abilities, Weirdness & Mutations

You do not eat or drink.
Your flesh is vulnerable to fire.
You are immune to poison.
Your flesh is cold resistant. (rC+)
You are immune to negative energy. (rN+++)
You are immune to unholy pain and torment.
You can survive without breathing.


Message History

You block Natasha's attack.
Natasha zaps a wand.
The puff of flame hits you! The fire burns you terribly!
* * * LOW HITPOINT WARNING * * *
You block the crimson imp's attack.
You barely miss Natasha.
Natasha is severely wounded.
The crimson imp barely misses you. Natasha claws you but does no damage.
You hit Natasha but do no damage.
Natasha is severely wounded.
You block the crimson imp's attack. Natasha barely misses you.
You riposte.
You barely miss Natasha.
Natasha is severely wounded.
The crimson imp hits you but does no damage.
You block Natasha's attack.
You closely miss Natasha.
Natasha is severely wounded.
The shadow imp shouts, "Kneel, thou churlish grave-robbed whip-jack!"
Natasha claws you.
You die...
Your body crumbles into a pile of gold.

###.##.####### #h#
........!....# #.# #
##.....###.# #.#
##.####...## #.# #.#
.....##..#####.###h#
#.#.........b.....#
#.......#####.#####
######..#####.#
#...5@h5.# ##.###########
##.####......# #####
#.......####.# ...#
#..####.# #.# ####.###
#..####.####.#
#......###..#.........#
.##.##.#....!...##.###..#
.......####.....##.# #..#


You could see Natasha, a crimson imp and a shadow imp.

Vanquished Creatures
  2 adders (D:2)
  A worm (D:2)
  A leopard gecko (D:1)
  A ball python (D:2)
  A giant cockroach (D:1)
  4 hobgoblins (D:1)
  A kobold (D:1)
  A quokka (D:2)
  2 bats (D:1)
  A fungus (D:2)
15 creatures vanquished.

Vanquished Creatures (others)
  2 fungi (D:2)
2 creatures vanquished.

Grand Total: 17 creatures vanquished

Notes
Turn   | Place    | Note
-------+----------+-------------------------------------------
     0 | D:1      | Moloch the Mummy Fighter began the quest for the Orb.
     0 | D:1      | Reached XP level 1. HP: 18/18 MP: 1/1
   541 | D:1      | Reached XP level 2. HP: 20/24 MP: 2/2
   919 | D:2      | Found a shimmering altar of Xom.
   919 | D:2      | Found an opulent altar of Gozag.
   921 | D:2      | Found a white marble altar of Elyvilon.
   921 | D:2      | Found an ancient bone altar of Kikubaaqudgha.
   934 | D:2      | Found an iron altar of Okawaru.
   934 | D:2      | Found a shattered altar of Ashenzari.
   936 | D:2      | Found a bloodstained altar of Trog.
  1036 | D:2      | Reached skill level 4 in Fighting
  1036 | D:2      | Reached XP level 3. HP: 26/30 MP: 3/3
  1057 | D:2      | Became a worshipper of Gozag Ym Sagoz the Greedy
  1166 | D:2      | Noticed Natasha
  1499 | D:2      | HP: 1/30 [Natasha/wand of flame (?/48) (4)]
  1502 | D:2      | Slain by Natasha

Vault maps used:
D:1:      eino_arrival_cavern_d
D:2:      grunt_temple_overflow_open, minmay_gold_behind_fungi, uniq_jessica,
          uniq_natasha

Skill      XL: |  1  2 |
---------------+-------+-----
Fighting       | 4 |  4.0
Long Blades    | 2 |  2.0
Armour         | |  2.4
Shields        | |  2.4

Action                   || total
-------------------------++-------
Melee: Long sword        ||    89
Armor: Scale mail        ||    51
Dodge: Dodged            ||    38
Block: Shield            ||    64
       Rpst.: Long sword ||    16
